 Dungeon Crawl Stone Soup version 0.13-a0-1536-gedae9ec (webtiles) character file.

2000 Kae the Basher (level 8, -1/69 HPs)
             Began as a Minotaur Berserker on June 10, 2013.
             Was an Elder of Trog.
             Slain by an orange rat (2 damage)
             ... on Level 7 of the Dungeon.
             The game lasted 00:08:35 (6677 turns).

Kae the Basher (Minotaur Berserker)                 Turns: 6677, Time: 00:08:37

HP  -1/69        AC  4     Str 22      XL: 8   Next: 70%
MP   2/2         EV 15     Int  4      God: Trog [****..]
Gold 323         SH  0     Dex 13      Spells:  0 memorised,  7 levels left

Res.Fire  : . . .   See Invis. : .   a - +0 mace
Res.Cold  : . . .   Warding    : .   b - -1 animal skin
Life Prot.: . . .   Conserve   : .   (no shield)
Res.Poison: .       Res.Corr.  : .   (helmet restricted)
Res.Elec. : .       Clarity    : .   (no cloak)
Sust.Abil.: . .     Spirit.Shd : .   (no gloves)
Res.Mut.  : .       Stasis     : .   n - +2 pair of boots
Res.Rott. : .       Flight     : .   w - amulet of the gourmand
Gourmand  : +                        (no ring)
                                     q - ring of protection from magic

@: regenerating, extremely resistant to hostile enchantments, unstealthy
A: retaliatory headbutt, horns 2
a: Burn Spellbooks, Berserk, Trog's Hand, Brothers in Arms, Renounce Religion


You were on level 7 of the Dungeon.
You worshipped Trog.
Trog was extremely pleased with you.
You were very full.

You visited 2 branches of the dungeon, and saw 8 of its levels.

You collected 363 gold pieces.
You spent 60 gold pieces at shops.

Inventory:

Hand weapons
 a - a +0,+0 mace (weapon)
Armour
 b - a -1 animal skin (worn)
 n - a +2 pair of boots (worn)
Magical devices
 l - a wand of enslavement (9) {unknown}
 t - a wand of lightning (4) {unknown}
 u - a wand of disintegration (1) {unknown}
 y - a wand of slowing (22) {unknown}
Comestibles
 c - 5 bread rations
 d - a royal jelly
 h - 3 meat rations
 k - 2 pears
 D - 2 chunks of orc flesh
 E - a chunk of grey rat flesh
Scrolls
 e - 7 scrolls of identify
 g - 3 scrolls of teleportation
 j - 3 scrolls of remove curse
 r - 3 scrolls of blinking
 v - a scroll of random uselessness {unknown}
 C - a scroll of fear
Jewellery
 m - an uncursed amulet of faith
 q - a ring of protection from magic (left hand)
 w - an amulet of the gourmand (around neck)
 x - an uncursed amulet of rage {unknown}
 B - an uncursed amulet of faith
Potions
 f - 2 potions of resistance {unknown}
 i - 3 potions of heal wounds
 p - 4 potions of curing
 s - 2 potions of magic
 z - 2 potions of mutation {unknown}
 A - 2 potions of poison {unknown}
Books
 o - a book of Transfigurations

   Spells                             Type                      Level
   Stoneskin                          Transmutation/Earth          2
   Polymorph                          Hexes/Transmutation          4
   Ice Form                           Ice/Transmutation            4
   Statue Form                        Transmutation/Earth          6
   Dragon Form                        Fire/Transmutation           7
   Trog disapproves of the use of such an item.


   Skills:
 + Level 6.9 Fighting
 * Level 9.6 Maces & Flails
 + Level 6.6 Armour
 + Level 5.9 Dodging


You had 7 spell levels left.
You didn't know any spells.

Dungeon Overview and Level Annotations

Branches:
Dungeon (7/27)             Temple (1/1) D:6
    Orc: D:6-11

Altars:
Fedhas
Okawaru
Sif Muna
Vehumet
Zin

Annotations
D:2 exclusion: oklob plant


Innate Abilities, Weirdness & Mutations

You reflexively headbutt those who attack you in melee.
You have a pair of horns on your head.


Message History

You are too injured to fight recklessly!
You are too injured to fight recklessly!
You offer a prayer to Trog.
Trog only cares about fresh corpses!
Trog is extremely pleased with you.
An orange rat is nearby!
You are too injured to fight recklessly!
You are too injured to fight recklessly!
You are too injured to fight recklessly!
You offer a prayer to Trog.
Trog only cares about fresh corpses!
Trog is extremely pleased with you.
An orange rat is nearby!
Use which ability? (? or * to list)
Your skin crawls.
You feel resistant to hostile enchantments.
You feel slightly less full. The orange rat bites you!
* * * LOW HITPOINT WARNING * * *
You feel drained.
You die...

##.......#
#........#
#.........#
##).......#
#.####
#.##.......
..#.##%#.##....
#.#..##.# #.#
#...#r# #
#.%.@# #.#.#.#
#.##.#.#
#..##.##. ##
#.## #. #.## ##
##.# #.## ##.#


You could see an orange rat.

Vanquished Creatures
  Pikel (D:5)
  A wyvern (D:7)
  A hippogriff (D:6)
  A necrophage (D:7)
  An orc warrior (D:6)
  4 slaves (D:5)
  A phantom (D:5)
  2 giant frogs
  A giant frog skeleton (D:6)
  3 killer bees (D:7)
  2 big fish (D:2)
  A goliath beetle (D:6)
  2 quasits
  A crimson imp (D:5)
  An ogre skeleton (D:7)
  4 orc priests
  A hound (D:4)
  2 orc wizards
  A scorpion (D:6)
  6 worker ants
  5 iguanas
  A jelly (D:7)
  A goliath beetle zombie (D:6)
  2 gnolls (D:6)
  4 adders
  2 green rats (D:7)
  An adder skeleton (D:6)
  5 worms
  4 grey rats (D:7)
  A bat zombie (D:5)
  3 giant geckos
  An ooze (D:3)
  14 orcs
  A ball python (D:1)
  4 giant cockroaches
  14 hobgoblins
  7 jackals
  2 quokkas
  9 bats
  4 giant newts
  14 goblins
  A jackal skeleton (D:6)
  11 kobolds
  18 rats
166 creatures vanquished.

Vanquished Creatures (others)
  A goblin (D:2)
1 creature vanquished.

Grand Total: 167 creatures vanquished

Notes
Turn   | Place    | Note
--------------------------------------------------------------
     0 | D:1      | Kae, the Minotaur Berserker, began the quest for the Orb.
     0 | D:1      | Reached XP level 1. HP: 19/19 MP: 0/0
   187 | D:1      | Reached skill level 4 in Maces & Flails
   187 | D:1      | Reached XP level 2. HP: 24/26 MP: 0/0
   569 | D:2      | Found a blossoming altar of Fedhas.
   585 | D:2      | Reached XP level 3. HP: 17/33 MP: 1/1
   700 | D:2      | Reached skill level 5 in Maces & Flails
   700 | D:2      | Reached XP level 4. HP: 9/40 MP: 1/1
   989 | D:2      | Found a radiant altar of Vehumet.
  1134 | D:2      | Acquired Trog's second power
  1600 | D:2      | Noticed an oklob plant
  1921 | D:3      | Reached XP level 5. HP: 46/46 MP: 1/1
  2747 | D:4      | Reached skill level 6 in Maces & Flails
  2816 | D:4      | Reached XP level 6. HP: 39/53 MP: 2/2
  3730 | D:4      | Reached skill level 5 in Fighting
  3989 | D:5      | Entered Level 5 of the Dungeon
  4004 | D:5      | Reached XP level 7. HP: 10/60 MP: 2/2
  4216 | D:5      | Reached skill level 7 in Maces & Flails
  4366 | D:5      | Found Zin's Purification Station.
  4367 | D:5      | Noticed Pikel
  4382 | D:5      | Killed Pikel
  4382 | D:5      | Reached skill level 8 in Maces & Flails
  4382 | D:5      | Reached skill level 5 in Armour
  4382 | D:5      | Reached XP level 8. HP: 51/68 MP: 2/2
  4383 | D:5      | Found a glowing silver altar of Zin.
  4432 | D:5      | Bought a potion of curing for 60 gold pieces
  4810 | D:6      | Reached skill level 5 in Dodging
  5031 | D:6      | Found a deep blue altar of Sif Muna.
  5114 | D:6      | Found a staircase to the Ecumenical Temple.
  5174 | Temple   | Entered the Ecumenical Temple
  5553 | D:6      | Found an iron altar of Okawaru.
  5558 | D:6      | Acquired Trog's third power
  5645 | D:6      | Reached skill level 9 in Maces & Flails
  5997 | D:7      | Reached XP level 9. HP: 38/75 MP: 3/3
  6670 | D:7      | Reached XP level 8. HP: 31/69 MP: 2/2
  6677 | D:7      | HP: 1/69 [orange rat (7)]
  6677 | D:7      | Slain by an orange rat

Action                   |  1- 3 |  4- 6 |  7- 9 || total
-------------------------+-------+-------+-------++-------
Melee: Mace              |    53 |   172 |   254 ||   479
Invok: Berserk           |       |     1 |     5 ||     6
       Trog's Hand       |       |       |     4 ||     4
  Use: Scroll            |       |       |    13 ||    13
       Potion            |       |       |     1 ||     1
